 Dungeon Crawl Stone Soup version 0.21-a0-426-g98080a9 (webtiles) character file.

2 theanonym the Magician (level 1, 0/13 HPs)
             Began as a Mummy Ice Elementalist on Nov 7, 2017.
             Slain by a jackal (1 damage)
             ... on level 1 of the Dungeon.
             The game lasted 00:00:26 (41 turns).

theanonym the Magician (Mummy Ice Elementalist)       Turns: 41, Time: 00:00:26

Health: 0/13       AC:  2    Str: 11    XL:     1   Next: 33%
Magic:  1/4        EV: 12    Int: 14    God:
Gold:   0          SH:  0    Dex: 12    Spells: 4/5 levels left

rFire    x . .     SeeInvis .   (no weapon)
rCold    + . .     Gourm    .   (no shield)
rNeg     + + +     Faith    .   a - +0 robe
rPois    ∞         Spirit   .   (no helmet)
rElec    .         Reflect  .   (no cloak)
rCorr    .         Harm     .   (no gloves)
MR       .....                  (no boots)
Stlth    ++........             (no amulet)
HPRegen  0.04/turn              (no ring)
MPRegen  0.09/turn              (no ring)

@: no status effects
A: no food or potions, fire vulnerability, cold resistance 1, negative energy
resistance 3, torment resistance, unbreathing
a: no special abilities


Innate Abilities, Weirdness & Mutations

You do not eat or drink.
Your flesh is vulnerable to fire.
You are immune to poison.
Your flesh is cold resistant. (rC+)
You are immune to negative energy. (rN+++)
You are immune to unholy pain and torment.
You can survive without breathing.


   Skills:
 - Level 1.5 Dodging
 - Level 1.5 Stealth
 + Level 2.8 Spellcasting
   Level 0.7 Conjurations
 + Level 2.5 Ice Magic


You had 4 spell levels left.
You knew the following spells:

 Your Spells              Type           Power        Failure   Level  Hunger
a - Freeze                Ice            #...         8%          1    N/A

Action                   || total
-------------------------++-------
Melee: Unarmed           ||    10
 Cast: Freeze            ||     5
Armor: Robe              ||     4
Dodge: Dodged            ||    15

Inventory:

Armour
 a - a +0 robe (worn)
Books
 b - a book of Frost

   Spells                             Type                      Level
   a - Freeze                         Ice                          1
   b - Throw Frost                    Conjuration/Ice              2
   c - Ozocubu's Armour               Charms/Ice                   3
   d - Throw Icicle                   Conjuration/Ice              4
   e - Summon Ice Beast               Ice/Summoning                4

Dungeon Overview and Level Annotations

Branches:
Dungeon (1/15)

Altars:


You were on level 1 of the Dungeon.
You were not hungry.

You visited 1 branch of the dungeon, and saw 1 of its levels.


Message History

Will you prevail where others failed? Will you find the Orb of Zot?
Found a staircase leading out of the dungeon.
Unknown command.
Unknown command.
Unknown command.
Unknown command.
Unknown command.
You open the door.
There is an open door here.
A jackal comes into view.
A jackal is nearby!
A jackal is nearby!
A jackal is nearby!
A jackal is nearby!
A jackal is nearby!
A jackal comes into view. 2 jackals come into view.
The jackal barks! x3
The jackal moves out of view.
The jackal bites you but does no damage.
Aim: a jackal You freeze the jackal.
The jackal bites you. The jackal barely misses you.
You take 1 damage, and have 12/13 hp.
You now have 3/4 mp.
Aim: a jackal (lightly wounded)
You freeze the jackal. The jackal bites you. x2
You take 4 damage, and have 8/13 hp.
MASSIVE DAMAGE!!
You now have 2/4 mp.
You are too injured to fight recklessly!
You are too injured to fight recklessly!
There are monsters nearby!
You are too injured to fight recklessly!
There are monsters nearby!
You are too injured to fight recklessly!
You are too injured to fight recklessly!
You are too injured to fight recklessly!
The jackal closely misses you.
The jackal bites you but does no damage.
There is an open door here.
Aim: a jackal You freeze the jackal.
* * * LOW MAGIC WARNING * * *
You now have 1/4 mp.
Aim: a jackal (almost dead)
You freeze the jackal.
You kill the jackal!
* * * LOW MAGIC WARNING * * *
The jackal bites you.
You take 1 damage, and have 7/13 hp.
You now have 0/4 mp.
You don't have enough magic to cast that spell.
No previous command to re-do.
No previous command to re-do.
No previous command to re-do.
No previous command to re-do.
You closely miss the jackal. The jackal barely misses you.
You miss the jackal.
The jackal bites you but does no damage.
The jackal barely misses you.
You closely miss the jackal. The jackal bites you.
You hit the jackal but do no damage. The jackal closely misses you.
The jackal bites you.
* * * LOW HITPOINT WARNING * * *
You take 1 damage, and have 6/13 hp.
You barely miss the jackal. The jackal bites you.
* * * LOW HITPOINT WARNING * * *
You hit the jackal but do no damage. The jackal bites you.
* * * LOW HITPOINT WARNING * * *
You closely miss the jackal. The jackal barely misses you.
The jackal bites you but does no damage.
You take 2 damage, and have 4/13 hp.
You closely miss the jackal. The jackal completely misses you.
You closely miss the jackal. The jackal closely misses you.
The jackal bites you.
* * * LOW HITPOINT WARNING * * *
You miss the jackal. The jackal barely misses you.
You take 1 damage, and have 3/13 hp.
Aim: a jackal (almost dead)
You freeze the jackal.
You kill the jackal!
* * * LOW MAGIC WARNING * * *
The jackal bites you.
* * * LOW HITPOINT WARNING * * *
You take 1 damage, and have 2/13 hp.
You now have 0/4 mp.
You don't have enough magic to cast that spell.
No previous command to re-do.
No previous command to re-do.
No previous command to re-do.
No previous command to re-do.
Wield which item (- for none, * to show all)? (? for menu, Esc to quit)
Okay, then.
Unknown command.
The jackal closely misses you.
There is a staircase leading out of the dungeon here.
The jackal closely misses you. The jackal bites you.
* * * LOW HITPOINT WARNING * * *
The jackal barely misses you. The jackal closely misses you.
You take 1 damage, and have 1/13 hp.
You open the door. The jackal misses you. The jackal barely misses you.
There is an open door here.
The jackal bites you.
You die...

... ..#######
.......#
#......#
#......#
#.....#####
#..........
#.@.......
+#####h########
#....h##
##.....##
#...<...#
#.......#
##.....##
###'### ##.##


You could see 2 jackals.

Notes
Turn   | Place    | Note
-------+----------+-------------------------------------------
     0 | D:1      | theanonym the Mummy Ice Elementalist began the quest for the Orb.
     0 | D:1      | Reached XP level 1. HP: 13/13 MP: 4/4
    25 | D:1      | HP: 6/13 [jackal (1)]
    30 | D:1      | HP: 3/13 [jackal (1)]
    38 | D:1      | HP: 1/13 [jackal (1)]
    41 | D:1      | Slain by a jackal

Vanquished Creatures
  2 jackals (D:1)
2 creatures vanquished.
